 Seeded DCSS version 0.28.0 (webtiles) character file.

Game seed: 10379525442082979767 (custom seed)

305 hikkokomori the Shield-Bearer (level 6, -7/49 HPs)
             Began as a Formicid Fighter on Feb 16, 2022.
             Mangled by Edmund (10 damage)
             ... on level 4 of the Dungeon.
             The game lasted 00:03:50 (3025 turns).

hikkokomori the Shield-Bearer (Formicid Fighter)    Turns: 3025, Time: 00:03:53

Health: -7/49      AC:  9    Str: 19 (22) XL:     6   Next: 66%
Magic:  6/6        EV:  7    Int:  7 (8)  God:
Gold:   14         SH:  4    Dex:  9 (10) Spells: 5/5 levels left

rFire   . . .      SeeInvis +   n - +0 halberd
rCold   . . .      Faith    .   c - +0 buckler
rNeg    . . .      Spirit   .   k - +0 chain mail
rPois   .          Reflect  .   (helmet unavailable)
rElec   .          Harm     .   (no cloak)
rCorr   .          Rampage  .   (no gloves)
Will    .....                   (no boots)
Stlth   ..........              (no amulet)
HPRegen 0.16/turn               (no ring)
MPRegen 0.10/turn               (no ring)

@: brilliant, lethally poisoned (-7 -> -21)
A: permanent stasis, dig shafts and tunnels, antennae 3, four strong arms
a: Dig, Shaft Self


You were on level 4 of the Dungeon.
You visited 1 branch of the dungeon, and saw 4 of its levels.

You collected 42 gold pieces.
You spent 28 gold pieces at shops.

Inventory:

Hand Weapons
 a - a +0 war axe
 n - a +0 halberd (weapon)
Armour
 b - a +0 scale mail
 c - a +0 buckler (worn)
 k - a +0 chain mail (worn)
Scrolls
 f - a scroll of teleportation
 h - a scroll of immolation {unknown}
 i - a scroll of identify
 j - a scroll of brand weapon {unknown}
 m - a scroll of blinking {unknown}
 o - a scroll of torment {unknown}


   Skills:
 + Level 4.7 Fighting
 + Level 3.6 Axes
 + Level 4.7 Armour
 + Level 5.2 Shields


You had 5 spell levels left.
You didn't know any spells.
Your spell library contained the following spells:

 Spells                   Type           Power      Damage    Failure   Level
 Static Discharge         Conj/Air       0%         N/A       100%        2
 Dispel Undead            Necr           0%         3d6       100%        4
 Sticky Flame             Conj/Fire      0%         2d3       100%        4


Dungeon Overview and Level Annotations

Branches:
Dungeon (4/15)
 Temple: D:4-7

Altars:

Shops:
D:3 ?

Annotations:
D:4 Edmund


Innate Abilities, Weirdness & Mutations

You cannot be hasted, slowed, berserked, paralysed or teleported.
You can dig through walls and to a lower floor.
You have a pair of large antennae on your head. (SInv)
Your four strong arms can wield two-handed weapons with a shield.


Message History

Edmund hits you with a +1 flail of venom.
You are lethally poisoned!
You hit Edmund.
Edmund is moderately wounded.
You feel extremely sick. Edmund hits you but does no damage.
You are more poisoned.
You feel better. Edmund barely misses you.
You barely miss Edmund.
Edmund is moderately wounded.
Edmund closely misses you.
You hit Edmund but do no damage.
Edmund is moderately wounded.
You block Edmund's attack.
Edmund grinds his teeth, and then sighs.
Edmund hits you with a +1 flail of venom.
You are poisoned.
As you read the scroll labelled BALANE BAORPH, it crumbles to dust.
You feel aware of your surroundings.
It was a scroll of magic mapping.
You feel very sick. Edmund hits you but does no damage.
You are more poisoned.
It was a potion of degeneration.
There was something very wrong with that liquid.
You feel weakened.
You feel dopey.
You feel clumsy.
You feel very sick.
Edmund hits you with a +1 flail of venom.
* * * LOW HITPOINT WARNING * * *
You are lethally poisoned!
It was a potion of brilliance.
You feel clever all of a sudden.
* * * LOW HITPOINT WARNING * * *
You feel very sick. You block Edmund's attack.
You hit Edmund.
Edmund is heavily wounded.
* * * LOW HITPOINT WARNING * * *
You feel extremely sick.
Edmund says, "People accused me of being a cutpurse!"
Edmund hits you with a +1 flail of venom!
You die...

* #...≈..≈|.≈...# ##'##
#.... * #....≈...≈....# #.#
##### * #....≈§.≈≈....# #.#
* #.....§§......# ##.## *
#......§......###...########
*
#...$..@......##.....##.....
*
#....(........###...##...###
#######'##########.###...#
#....@@.............#
#####################


You could see Edmund.

Vanquished Creatures
  Sigmund (D:3)
  An iguana (D:4)
  4 gnolls (D:3)
  3 adders
  A worm (D:3)
  3 dart slugs
  An endoplasm (D:3)
  4 giant cockroaches
  3 goblins
  2 hobgoblins
  2 quokkas
  7 ball pythons
  9 bats
  4 frilled lizards
  7 kobolds
  3 rats
55 creatures vanquished.

Notes
Turn   | Place    | Note
-------+----------+-------------------------------------------
     0 | D:1      | hikkokomori the Formicid Fighter began the quest for the
                  | Orb.
     0 | D:1      | Reached XP level 1. HP: 18/18 MP: 1/1
   182 | D:1      | Reached XP level 2. HP: 23/24 MP: 2/2
   786 | D:2      | Reached skill level 4 in Shields
   837 | D:2      | Reached XP level 3. HP: 28/29 MP: 3/3
  1322 | D:2      | Reached XP level 4. HP: 30/37 MP: 4/4
  1894 | D:3      | Found Vynolin's Magic Scroll Boutique.
  1898 | D:3      | Bought a scroll of identify for 28 gold pieces
  2136 | D:3      | Noticed Sigmund
  2149 | D:3      | Killed Sigmund
  2150 | D:3      | Reached skill level 5 in Shields
  2150 | D:3      | Reached XP level 5. HP: 28/43 MP: 5/5
  2150 | D:3      | Reached XP level 6. HP: 32/49 MP: 6/6
  2446 | D:3      | Found a faded altar of an unknown god.
  3003 | D:4      | Noticed Edmund
  3025 | D:4      | Mangled by Edmund

Illustrated notes

Levels and vault maps discovered:
D:1:      minmay_arrival_arboretum_small, layout_basic
D:2:      layout_basic
D:3:      layout_loops_cross, serial_shops, nicolae_shop_hallway_stairs,
          ebering_ecumenical_altar_ruins, uniq_sigmund
D:4:      layout_loops_corners, kennysheep_generic_room_2, uniq_blork_the_orc,
          uniq_edmund, uniq_robin

Skill      XL: |  1  2  3  4 |
---------------+-------------+-----
Shields        | 4 5 |  5.2
Fighting       | 4 |  4.7
Axes           | 3 |  3.6
Armour         | 4 |  4.7

Action                   |  1- 3 |  4- 6 || total
-------------------------+-------+-------++-------
Melee: War axe           |    84 |    77 ||   161
       Halberd           |       |    20 ||    20
  Use: Scroll            |     1 |     2 ||     3
       Potion            |       |     5 ||     5
Armor: Scale mail        |    48 |       ||    48
       Chain mail        |     6 |    53 ||    59
Dodge: Dodged            |    42 |    40 ||    82
Block: Buckler           |    24 |    26 ||    50
